 Dungeon Crawl Stone Soup version 0.25-a0-1036-g6f112fb28d (webtiles) character file.

Game seed: 4993024037366616994, levelgen mode: deterministic

95 DerDa the Chiller (level 4, 0/30 HPs)
             Began as a Merfolk Ice Elementalist on May 13, 2020.
             Slain by a sky beast (5 damage)
             ... on level 3 of the Dungeon.
             The game lasted 00:06:32 (2500 turns).

DerDa the Chiller (Merfolk Ice Elementalist)        Turns: 2500, Time: 00:06:33

Health: 0/30       AC:  2    Str:  8    XL:     4   Next: 65%
Magic:  7/8        EV: 13    Int: 15    God:
Gold:   59         SH:  0    Dex: 14    Spells: 1/8 levels left

rFire    + . .     SeeInvis .   j - +2 short sword (drain)
rCold    . . .     Gourm    .   (no shield)
rNeg     . . .     Faith    .   a - +0 robe
rPois    .         Spirit   .   (no helmet)
rElec    .         Reflect  .   (no cloak)
rCorr    .         Harm     .   (no gloves)
MR       .....                  (no boots)
Stlth    ++........             n - amulet of regeneration
HPRegen  0.50/turn              o - ring of protection from fire
MPRegen  0.11/turn              (no ring)

@: no status effects
A: change form in water, swift swim, stealthy swim
a: no special abilities


You were on level 3 of the Dungeon.
You were hungry.

You visited 1 branch of the dungeon, and saw 3 of its levels.

You collected 59 gold pieces.

Inventory:

Hand Weapons
 b - a +3 vorpal spear
 h - a +0 club
 j - a +2 short sword of draining (weapon)
Missiles
 d - 15 sling bullets
 k - a throwing net (quivered)
Armour
 a - a +0 robe (worn)
 g - a +0 buckler
Jewellery
 n - an amulet of regeneration (around neck)
 o - a ring of protection from fire (left hand)
Scrolls
 e - a scroll of teleportation {unknown}
 f - 3 scrolls of identify {unknown}
 i - 2 scrolls of immolation {unknown}
 m - a scroll of enchant armour {unknown}
Potions
 l - 2 potions of haste {unknown}
 p - a potion of might {unknown}
 q - a potion of mutation {unknown}
Comestibles
 c - 5 rations


   Skills:
 + Level 3.5 Dodging
 - Level 2.1 Stealth
 * Level 1.3 Shields
 * Level 2.9 Spellcasting
 * Level 5.2 Ice Magic


You had one spell level left.
You knew the following spells:

 Your Spells              Type           Power        Failure   Level  Hunger
a - Freeze                Ice            ###.         2%          1    #......
b - Frozen Ramparts       Ice            ###...       7%          3    ###....
c - Ozocubu's Armour      Chrm/Ice       ##......     21%         3    ###....

Your spell library contained the following spells:

 Spells                   Type           Power        Failure   Level  Hunger
 Hailstorm                Conj/Ice       ##......     56%         4    #####..
 Summon Ice Beast         Ice/Summ       ##......     56%         4    #####..


Dungeon Overview and Level Annotations

Branches:
Dungeon (3/15)

Altars:
Cheibriados
Fedhas


Message History

Reactivating autopickup.
You barely miss the sky beast.
The sky beast is heavily wounded.
The sky beast hits you. The sky beast shocks you.
You closely miss the sky beast.
The sky beast is heavily wounded.
The sky beast hits you but does no damage.
You barely miss the sky beast.
The sky beast is heavily wounded.
The sky beast hits you.
* * * LOW HITPOINT WARNING * * *
The sky beast shocks you.
* * * LOW HITPOINT WARNING * * *
You are feeling hungry.
The sky beast flickers out of sight!
Deactivating autopickup; reactivate with Ctrl-A.
Something hits you.
* * * LOW HITPOINT WARNING * * *
Something shocks you.
You die...

#........#
#........#####
............
.......##.#
#...##.#
#..####......#
.........##..# #
....###..##).#.#
$. #..@.....#
#.###.#.##
#.###.#.#
#.##..#.#
#ยง##.##.#
...###<##.##>###
#.................
###.....##.#####..
#.......##.#


There were no monsters in sight!

Vanquished Creatures
  4 gnolls
  An adder (D:2)
  7 bats
  4 giant cockroaches
  4 hobgoblins
  2 jackals (D:2)
  4 kobolds
  A quokka (D:2)
  3 frilled lizards
  11 goblins
  5 rats
46 creatures vanquished.

Notes
Turn   | Place    | Note
-------+----------+-------------------------------------------
     0 | D:1      | DerDa the Merfolk Ice Elementalist began the quest for the
                  | Orb.
     0 | D:1      | Reached XP level 1. HP: 13/13 MP: 3/3
   192 | D:1      | Reached XP level 2. HP: 19/19 MP: 1/5
  1014 | D:1      | Reached XP level 3. HP: 15/24 MP: 2/6
  1026 | D:1      | Learned a level 3 spell: Frozen Ramparts
  1030 | D:1      | Learned a level 3 spell: Ozocubu's Armour
  1451 | D:2      | Found a blossoming altar of Fedhas.
  1480 | D:2      | Found a snail-covered altar of Cheibriados.
  1587 | D:2      | Reached skill level 5 in Ice Magic
  1720 | D:2      | Reached XP level 4. HP: 30/30 MP: 6/8
  1981 | D:2      | Reached skill level 1 in Shields
  2448 | D:3      | Noticed a sky beast
  2500 | D:3      | Slain by a sky beast

Illustrated notes

Levels and vault maps discovered:
D:1:      giann_horns, layout_loops_ring, minivault_19
D:2:      lemuel_upstairs_altar, layout_rooms, cheibriados_altar_1,
          fedhas_altar_1
D:3:      layout_loops_cross, okawaru_ov_weapons_minmay

Skill      XL: |  1  2  3  4 |
---------------+-------------+-----
Dodging        | 3 |  3.5
Ice Magic      | 5 |  5.2
Shields        | 1 |  1.3
Stealth        | |  2.1
Spellcasting   | |  2.9

Action                   |  1- 3 |  4- 6 || total
-------------------------+-------+-------++-------
Melee: Unarmed           |     4 |       ||     4
       Club              |     1 |       ||     1
       Short sword       |     1 |     4 ||     5
Throw: Throwing net      |       |     1 ||     1
 Cast: Freeze            |    43 |    26 ||    69
  Eat: Chunk             |     3 |     2 ||     5
Armor: Robe              |     2 |     2 ||     4
Dodge: Dodged            |    15 |    16 ||    31

Table legend:
 A = Non-vault XP
 B = Vault XP
 C = Vault XP percentage of total XP
 D = Non-vault monster count
 E = Vault monster count
 F = Vault count percentage of total count
                 A         B        C        D         E       F
            +---------+---------+-------+---------+---------+-------
      Total |     136 |       0 |   0.0 |      46 |       0 |   0.0
            +---------+---------+-------+---------+---------+-------
        D:1 |      45 |       0 |   0.0 |      20 |       0 |   0.0
        D:2 |      88 |       0 |   0.0 |      24 |       0 |   0.0
        D:3 |       3 |       0 |   0.0 |       2 |       0 |   0.0
            +---------+---------+-------+---------+---------+-------
